| TOP OF THE 1ST |
|
Wisconsin Timber Rattlers batting - Pitching for West Virginia Power : RHP Jerry Spitler
|
|
Pitching: RHP Jerry Spitler
|
|
|
Batting: RHB Chris Maul
|
0-0: Ground out 6-3 (Groundball, 6, EV 95.0 MPH)
|
|
Batting: RHB Jeremy Harden
|
0-0: Foul Ball, location: 2F 0-1: SINGLE (Groundball, 6MD, EV 103.8 MPH)
|
|
Batting: SHB Ramon Perez
|
0-0: Ball Jeremy Harden steals 2nd, throwing error, E2 Jeremy Harden to third 1-0: Ball 2-0: Foul Ball, location: 2F 2-1: Fly out, F9 (Flyball, 89S, EV 90.0 MPH)
|
|
Batting: RHB Ryan Miller
|
0-0: Ball 1-0: Called Strike 1-1: Ball 2-1: Called Strike 2-2: Foul Ball, location: 2F 2-2: Strikes out swinging
|
| Top of the 1st over - 0 runs, 1 hit, 1 error, 1 left on base; Wisconsin 0 - West Virginia 0 |
| BOTTOM OF THE 1ST |
|
West Virginia Power batting - Pitching for Wisconsin Timber Rattlers : LHP Sam Glaser
|
|
Pitching: LHP Sam Glaser
|
|
|
Batting: RHB Melvin Durland
|
0-0: Ball 1-0: Ball 2-0: Called Strike 2-1: Called Strike 2-2: Foul Ball, location: 2F 2-2: Ball 3-2: Base on Balls
|
|
Batting: RHB Hidesuke Yoshida
|
0-0: Called Strike 0-1: Ball 1-1: SINGLE (Groundball, 4MD, EV 96.2 MPH) Melvin Durland to second Runner from 2nd tries for 3rd, SAFE, throw by CF made to third
|
|
Batting: RHB Ricky Alvarado
|
0-0: Ball 1-0: Called Strike 1-1: Foul Ball, location: 2F 1-2: DOUBLE (Groundball, 5L, EV 104.4 MPH) Melvin Durland scores Hidesuke Yoshida to third Runner from 3rd tries for Home, SAFE, no throw by LF
|
|
Batting: LHB Dustin Herman
|
0-0: Ball 1-0: Called Strike 1-1: Fly out, F9 (Flyball, 9S, EV 83.1 MPH)
|
|
Batting: SHB Don Hauk
|
0-0: Called Strike 0-1: Ball 1-1: Called Strike Ricky Alvarado steals 3rd base 1-2: Strikes out looking
|
|
Batting: SHB Rob Haney
|
0-0: Foul Ball, location: 2F 0-1: Ball 1-1: Swinging Strike 1-2: Strikes out swinging
|
| Bottom of the 1st over - 2 runs, 2 hits, 0 errors, 1 left on base; Wisconsin 0 - West Virginia 2 |
| TOP OF THE 2ND |
|
Wisconsin Timber Rattlers batting - Pitching for West Virginia Power : RHP Jerry Spitler
|
|
Batting: RHB Alfredo Sena
|
0-0: Foul Ball, location: 2F 0-1: Foul Ball, location: 2F 0-2: Strikes out swinging
|
|
Batting: LHB Mark Backstrom
|
0-0: Swinging Strike 0-1: Swinging Strike 0-2: Ball 1-2: Strikes out swinging
|
|
Batting: RHB Victor Alarcon
|
0-0: Foul Ball, location: 2F 0-1: Ball 1-1: Ball 2-1: Ground out 2-3 (Groundball, 13S, EV 64.4 MPH)
|
| Top of the 2nd over - 0 runs, 0 hits, 0 errors, 0 left on base; Wisconsin 0 - West Virginia 2 |
| BOTTOM OF THE 2ND |
|
West Virginia Power batting - Pitching for Wisconsin Timber Rattlers : LHP Sam Glaser
|
|
Batting: RHB Tim Moore
|
0-0: Called Strike 0-1: Foul Ball, location: 2F 0-2: SINGLE (Groundball, 6M, EV 97.5 MPH)
|
|
Batting: RHB Chris Arroyo
|
0-0: Called Strike 0-1: Swinging Strike 0-2: Ball 1-2: Ball 2-2: Foul Ball, location: 2F 2-2: SINGLE (Groundball, 56D, EV 93.8 MPH) Tim Moore to second
|
|
Batting: RHB David Zelaya
|
0-0: Called Strike 0-1: Foul Ball, location: 2F 0-2: Strikes out looking
|
|
Batting: RHB Melvin Durland
|
0-0: Swinging Strike 0-1: Ball 1-1: Ball 2-1: Ball 3-1: Fielders Choice at 2nd, 6-4 (Groundball, 6, EV 93.1 MPH) Tim Moore to third
|
|
Batting: RHB Hidesuke Yoshida
|
0-0: Called Strike 0-1: Foul Ball, location: 2F 0-2: Ball 1-2: Ball 2-2: Ground out 4-3 (Groundball, 4, EV 85.0 MPH)
|
| Bottom of the 2nd over - 0 runs, 2 hits, 0 errors, 2 left on base; Wisconsin 0 - West Virginia 2 |
| TOP OF THE 3RD |
|
Wisconsin Timber Rattlers batting - Pitching for West Virginia Power : RHP Jerry Spitler
|
|
Batting: RHB Chris Riddel
|
0-0: Ball 1-0: Ball 2-0: Fly out, F3 (Popup, 3SF, EV 88.8 MPH)
|
|
Batting: RHB Wiliama Dana
|
0-0: Called Strike 0-1: Swinging Strike 0-2: Ball 1-2: Ball 2-2: DOUBLE (Flyball, 89D, EV 108.8 MPH)
|
|
Batting: RHB Chris Maul
|
0-0: Called Strike Wiliama Dana steals 3rd, throwing error, E2 Wiliama Dana scores 0-1: Foul Ball, location: 2F 0-2: Fly out, F9 (Flyball, 9S, EV 93.8 MPH)
|
|
Batting: RHB Jeremy Harden
|
0-0: Ball 1-0: Foul Ball, location: 2F 1-1: Called Strike 1-2: SINGLE (Line Drive, 6MD, EV 96.2 MPH)
|
|
Batting: SHB Ramon Perez
|
0-0: Ball 1-0: Ball 2-0: Ball 3-0: Called Strike 3-1: Fly out, F9 (Flyball, 9S, EV 90.0 MPH)
|
| Top of the 3rd over - 1 run, 2 hits, 1 error, 1 left on base; Wisconsin 1 - West Virginia 2 |
| BOTTOM OF THE 3RD |
|
West Virginia Power batting - Pitching for Wisconsin Timber Rattlers : LHP Sam Glaser
|
|
Batting: RHB Ricky Alvarado
|
0-0: Called Strike 0-1: Called Strike 0-2: Ball 1-2: Strikes out looking
|
|
Batting: LHB Dustin Herman
|
0-0: Called Strike 0-1: Ball 1-1: Ball 2-1: Foul Ball, location: 2F 2-2: Foul Ball, location: 2F 2-2: Ball 3-2: Foul Ball, location: 2F 3-2: Foul Ball, location: 2F 3-2: Fly out, F8 (Flyball, 78M, EV 94.4 MPH)
|
|
Batting: SHB Don Hauk
|
0-0: Ground out 4-3 (Groundball, 4, EV 88.8 MPH)
|
| Bottom of the 3rd over - 0 runs, 0 hits, 0 errors, 0 left on base; Wisconsin 1 - West Virginia 2 |
| TOP OF THE 4TH |
|
Wisconsin Timber Rattlers batting - Pitching for West Virginia Power : RHP Jerry Spitler
|
|
Batting: RHB Ryan Miller
|
0-0: Ground out U3 (Groundball, 34S, EV 77.5 MPH)
|
|
Batting: RHB Alfredo Sena
|
0-0: Fly out, F8 (Flyball, 8LD, EV 78.8 MPH)
|
|
Batting: LHB Mark Backstrom
|
0-0: Ball 1-0: Called Strike 1-1: Ball 2-1: Swinging Strike 2-2: Fly out, F8 (Flyball, 8LD, EV 99.4 MPH)
|
| Top of the 4th over - 0 runs, 0 hits, 0 errors, 0 left on base; Wisconsin 1 - West Virginia 2 |
| BOTTOM OF THE 4TH |
|
West Virginia Power batting - Pitching for Wisconsin Timber Rattlers : LHP Sam Glaser
|
|
Batting: SHB Rob Haney
|
0-0: Foul Ball, location: 2F 0-1: Swinging Strike 0-2: Ball 1-2: Ground out 3-1 (Groundball, 34S, EV 88.1 MPH)
|
|
Batting: RHB Tim Moore
|
0-0: Swinging Strike 0-1: Swinging Strike 0-2: Foul Ball, location: 2F 0-2: Ball 1-2: Ball 2-2: Foul Ball, location: 2F 2-2: Foul Ball, location: 2F 2-2: Foul Ball, location: 2F 2-2: Ball 3-2: Foul Ball, location: 2F 3-2: SINGLE (Groundball, 56D, EV 97.5 MPH)
|
|
Batting: RHB Chris Arroyo
|
Pickoff Throw to First - Out! 1-3 0-0: Ground out 6-3 (Groundball, 56D, EV 102.5 MPH)
|
| Bottom of the 4th over - 0 runs, 1 hit, 0 errors, 0 left on base; Wisconsin 1 - West Virginia 2 |
| TOP OF THE 5TH |
|
Wisconsin Timber Rattlers batting - Pitching for West Virginia Power : RHP Jerry Spitler
|
|
Batting: RHB Victor Alarcon
|
0-0: Called Strike 0-1: Foul Ball, location: 2F 0-2: Foul Ball, location: 2F 0-2: Ball 1-2: Strikes out swinging
|
|
Batting: RHB Chris Riddel
|
0-0: Ground out 4-3 (Groundball, 4, EV 92.5 MPH)
|
|
Batting: RHB Wiliama Dana
|
0-0: Fly out, F9 (Flyball, 9, EV 90.6 MPH)
|
| Top of the 5th over - 0 runs, 0 hits, 0 errors, 0 left on base; Wisconsin 1 - West Virginia 2 |
| BOTTOM OF THE 5TH |
|
West Virginia Power batting - Pitching for Wisconsin Timber Rattlers : LHP Sam Glaser
|
|
Batting: RHB David Zelaya
|
0-0: Foul Ball, location: 2F 0-1: Ball 1-1: Ball 2-1: Ball 3-1: Fly out, F9 (Line Drive, 89M, EV 86.2 MPH)
|
|
Batting: RHB Melvin Durland
|
0-0: Called Strike 0-1: Ball 1-1: Called Strike 1-2: SINGLE (Groundball, 13, EV 86.9 MPH) (infield hit)
|
|
Batting: RHB Hidesuke Yoshida
|
0-0: Ball Melvin Durland steals 2nd, throwing error, E2 Melvin Durland to third Squeeze bunt is on, Melvin Durland is out 1-1: Foul Ball, location: 2F 1-2: Ball 2-2: Ball 3-2: Foul Ball, location: 2F 3-2: SINGLE (Groundball, 6MD, EV 104.4 MPH)
|
|
Pitching: LHP Juan Gonzalez
|
|
|
Batting: RHB Ricky Alvarado
|
0-0: Called Strike 0-1: Fielders Choice at 2nd, 6-4 (Groundball, 6, EV 86.2 MPH)
|
| Bottom of the 5th over - 0 runs, 2 hits, 1 error, 1 left on base; Wisconsin 1 - West Virginia 2 |
| TOP OF THE 6TH |
|
Wisconsin Timber Rattlers batting - Pitching for West Virginia Power : RHP Jerry Spitler
|
|
Batting: RHB Chris Maul
|
0-0: Ball 1-0: Swinging Strike 1-1: Swinging Strike 1-2: Ball 2-2: Ball 3-2: Strikes out looking
|
|
Batting: RHB Jeremy Harden
|
0-0: Swinging Strike 0-1: Foul Ball, location: 2F 0-2: Ball 1-2: Ground out 6-3 (Groundball, 56, EV 81.9 MPH)
|
|
Batting: SHB Ramon Perez
|
0-0: Ball 1-0: Ball 2-0: SINGLE (Groundball, 6D, EV 103.1 MPH)
|
|
Batting: RHB Ryan Miller
|
0-0: Ball 1-0: Ball 2-0: Called Strike 2-1: Called Strike 2-2: SINGLE (Groundball, 56D, EV 107.5 MPH) Ramon Perez to second
|
|
Batting: RHB Alfredo Sena
|
0-0: Ball 1-0: Swinging Strike 1-1: Ball 2-1: Ground out 1-3 (Groundball, 34S, EV 66.9 MPH)
|
| Top of the 6th over - 0 runs, 2 hits, 0 errors, 2 left on base; Wisconsin 1 - West Virginia 2 |
| BOTTOM OF THE 6TH |
|
West Virginia Power batting - Pitching for Wisconsin Timber Rattlers : LHP Juan Gonzalez
|
|
Batting: LHB Dustin Herman
|
0-0: SINGLE (Groundball, 4D, EV 103.8 MPH)
|
|
Batting: SHB Don Hauk
|
0-0: Called Strike 0-1: Ball 1-1: Ball 2-1: Foul Ball, location: 2F 2-2: Strikes out swinging
|
|
Batting: SHB Rob Haney
|
0-0: Called Strike 0-1: Ball 1-1: SINGLE (Line Drive, 34D, EV 96.2 MPH) Dustin Herman to second
|
|
Pinch Runner at 2nd Randy Bergman:
|
|
|
Batting: RHB Tim Moore
|
0-0: Called Strike 0-1: Fly out, F8 (Line Drive, 8LM, EV 89.4 MPH)
|
|
Batting: RHB Chris Arroyo
|
0-0: Ball 1-0: Fielders Choice at 2nd, 6-4 (Groundball, 6, EV 80.0 MPH)
|
| Bottom of the 6th over - 0 runs, 2 hits, 0 errors, 2 left on base; Wisconsin 1 - West Virginia 2 |
| TOP OF THE 7TH |
|
Wisconsin Timber Rattlers batting - Pitching for West Virginia Power : RHP Jerry Spitler
|
|
Batting: LHB Mark Backstrom
|
0-0: Called Strike 0-1: Called Strike 0-2: Strikes out swinging
|
|
Batting: RHB Victor Alarcon
|
0-0: Foul Ball, location: 2F 0-1: Fly out, F8 (Line Drive, 8LD, EV 99.4 MPH)
|
|
Batting: RHB Chris Riddel
|
0-0: Swinging Strike 0-1: Foul Ball, location: 2F 0-2: Ball 1-2: Ball 2-2: Strikes out looking
|
| Top of the 7th over - 0 runs, 0 hits, 0 errors, 0 left on base; Wisconsin 1 - West Virginia 2 |
| BOTTOM OF THE 7TH |
|
West Virginia Power batting - Pitching for Wisconsin Timber Rattlers : LHP Juan Gonzalez
|
|
Batting: RHB David Zelaya
|
0-0: Called Strike 0-1: Ball 1-1: Foul Ball, location: 2F 1-2: Ground out 6-3 (Groundball, 6, EV 80.0 MPH)
|
|
Batting: RHB Melvin Durland
|
0-0: Ball 1-0: Ball 2-0: Ball 3-0: Called Strike 3-1: Called Strike 3-2: Ground out 4-3 (Groundball, 4, EV 78.8 MPH)
|
|
Batting: RHB Hidesuke Yoshida
|
0-0: DOUBLE (Groundball, 5L, EV 99.4 MPH)
|
|
Batting: RHB Ricky Alvarado
|
0-0: Ball 1-0: Ball 2-0: Ball 3-0: Ground out 3-1 (Groundball, 34, EV 84.4 MPH)
|
| Bottom of the 7th over - 0 runs, 1 hit, 0 errors, 1 left on base; Wisconsin 1 - West Virginia 2 |
| TOP OF THE 8TH |
|
Wisconsin Timber Rattlers batting - Pitching for West Virginia Power : RHP Jerry Spitler
|
|
Pitching: RHP Justin West
|
|
|
Batting: RHB Wiliama Dana
|
0-0: Ball 1-0: Called Strike 1-1: Ground out 6-3 (Groundball, 56, EV 97.5 MPH)
|
|
Batting: RHB Chris Maul
|
0-0: Called Strike 0-1: Swinging Strike 0-2: Ball 1-2: Ball 2-2: Strikes out swinging
|
|
Batting: RHB Jeremy Harden
|
0-0: Ball 1-0: Called Strike 1-1: Ball 2-1: Swinging Strike 2-2: Ball 3-2: Foul Ball, location: 2F 3-2: Fly out, F8 (Flyball, 8RM, EV 90.6 MPH)
|
| Top of the 8th over - 0 runs, 0 hits, 0 errors, 0 left on base; Wisconsin 1 - West Virginia 2 |
| BOTTOM OF THE 8TH |
|
West Virginia Power batting - Pitching for Wisconsin Timber Rattlers : LHP Juan Gonzalez
|
|
Batting: RHB Randy Bergman
|
0-0: Foul Ball, location: 2F 0-1: Ground out 1-3 (Groundball, 13S, EV 63.8 MPH)
|
|
Batting: SHB Don Hauk
|
0-0: SINGLE (Line Drive, 78S, EV 103.8 MPH)
|
|
Batting: SHB Rob Haney
|
0-0: Foul Ball, location: 2F 0-1: Ball 1-1: Ball 2-1: Ball 3-1: Base on Balls Don Hauk to second
|
|
Batting: RHB Tim Moore
|
0-0: Foul Ball, location: 2F 0-1: DOUBLE (Flyball, 89D, EV 101.2 MPH) Don Hauk scores Rob Haney to third Runner from 3rd tries for Home, SAFE, throw by RF to home
|
|
Batting: RHB Chris Arroyo
|
0-0: Intentional Walk
|
|
Batting: RHB David Zelaya
|
0-0: Fielders Choice at 2nd, 3-6 (Groundball, 34, EV 83.1 MPH) Tim Moore to third
|
|
Batting: RHB Melvin Durland
|
0-0: Fly out, F8 (Flyball, 8RD, EV 95.0 MPH)
|
| Bottom of the 8th over - 2 runs, 2 hits, 0 errors, 2 left on base; Wisconsin 1 - West Virginia 4 |
| TOP OF THE 9TH |
|
Wisconsin Timber Rattlers batting - Pitching for West Virginia Power : RHP Justin West
|
|
Batting: SHB Ramon Perez
|
0-0: Ball 1-0: Called Strike 1-1: Ground out U3 (Groundball, 34, EV 93.1 MPH)
|
|
Batting: RHB Ryan Miller
|
0-0: Ground out 6-3 (Groundball, 6, EV 86.2 MPH)
|
|
Batting: RHB Alfredo Sena
|
0-0: Ball 1-0: Foul Ball, location: 2F 1-1: Ball 2-1: Ground out 5-3 (Groundball, 56, EV 89.4 MPH)
|
| Top of the 9th over - 0 runs, 0 hits, 0 errors, 0 left on base; Wisconsin 1 - West Virginia 4 |
|